 Dungeon Sprint DCSS version 0.13-a0-2995-g9a84c3d (webtiles) character file.

8400000 Misa the Conqueror (level 25, 0/255 HPs)
             Began as a Centaur Monk on Sept 8, 2013.
             Was the Champion of Makhleb.
             Killed by divine providence
             ... invoked by an accursed
              (14 damage)
             ... in the Dungeon (Sprint VIII: "Arena of Blood").
             The game lasted 00:08:06 (84 turns).

Misa the Conqueror (Centaur Monk)                     Turns: 84, Time: 00:08:08

HP   0/255       AC  6     Str 18      XL: 25   Next: 99%
MP  23/48        EV 32     Int  9      God: Makhleb [******]
Gold 0           SH  0     Dex 20      Spells:  0 memorised, 78 levels left

Res.Fire  : . . .   See Invis. : .   i - +∞ Axe of Woe
Res.Cold  : . . .   Warding    : .   a - +0 robe
Life Prot.: . . .   Conserve   : .   (no shield)
Res.Poison: .       Res.Corr.  : .   (no helmet)
Res.Elec. : .       Clarity    : .   (no cloak)
Sust.Abil.: . .     Spirit.Shd : .   (no gloves)
Res.Mut.  : .       Prev.Telep.: +   (no barding)
Res.Rott. : .       Flight     : .   (no amulet)
Saprovore : . . .                    (no ring)
                                     (no ring)

@: constricted, very quick, quite resistant to hostile enchantments, extremely
stealthy
A: hooves 3, deformed body, herbivore 1, speed 2, fast metabolism 1, tough skin
3
a: Minor Destruction, Lesser Servant of Makhleb, Major Destruction, Greater
Servant of Makhleb, Renounce Religion


You were in the Dungeon.
You worshipped Makhleb.
Makhleb was exalted by your worship.
You were not hungry.

You visited 1 branch

Inventory:

Hand weapons
 i - the +∞,+∞ Axe of Woe (weapon)
   (You found it in the Dungeon)
Armour
 a - a +0 robe (worn)
Comestibles
 b - 2 bread rations
Jewellery
 j - a +27000,+30 ring of slaying
Potions
 c - a potion of curing
 d - a potion of heal wounds
 e - a potion of speed
 f - 2 potions of magic
 g - a potion of berserk rage


   Skills:
 O Level 27 Fighting
 O Level 27 Axes
 O Level 27 Throwing
 O Level 27 Armour
 O Level 27 Dodging
 O Level 27 Stealth
 O Level 27 Unarmed Combat
 O Level 27 Spellcasting
 O Level 27 Invocations


You had 78 spell levels left.
You didn't know any spells.

Dungeon Overview and Level Annotations

Branches:
Dungeon (1/1)

Altars:
Makhleb

Annotations:
D The Captor


Innate Abilities, Weirdness & Mutations

You have hooves in place of feet.
Armour fits poorly on your strangely shaped body.
You digest meat inefficiently.
You cover ground very quickly.
You have a fast metabolism.
You have extremely tough skin (AC +3).


Message History

The eight-headed meat hydra convulses!
You hear a shout!
The tentacled monstrosity closely misses you.
The tentacled monstrosity tentacle-slaps you but does no damage.
The tentacled monstrosity completely misses you.
You hear a shout!
The large abomination hits you!
* * * LOW HITPOINT WARNING * * *
The tentacled monstrosity tentacle-slaps you.
* * * LOW HITPOINT WARNING * * *
The tentacled monstrosity tentacle-slaps you!
* * * LOW HITPOINT WARNING * * *
The tentacled monstrosity closely misses you.
* * * LOW HITPOINT WARNING * * *
The tentacled monstrosity constricts you!
You hear a shout!
The large abomination is engulfed in roaring flames.
The accursed points at you and mumbles some strange words.
Something smites you!
You die...

..........###......
...#........_.....z
.#.......#...o.# ...
.........#_.<._#M....
#....)..#.....#.....
....#..)))).._........
VV.....))))X###........
.......###).§OXX.###.
...... #..XX@X@# ...O.
#.§XXOX.# .....
...%DX.X...V. .#.
.%..%.%X%......#
..........%.....#.
...D...%.....##.
..#........#.
..........#. #.....


You could see an accursed, 4 tentacled monstrosities, a destroyer (wandering), 2
eight-headed meat hydras, 8 large abominations, The Captor and 2 meat
berserkers.

Vanquished Creatures
  Harold (D)
  2 greater mummies (D)
  3 hell beasts (D)
  3 hill giants (D)
  3 liches (D)
  17 ogres (D)
  45 orcs (D)
  6 skeletal warriors (D)
  7 vampire knights (D)
  3 wraiths (D)
  10 tentacled monstrosities (D)
  32 large abominations (D)
  6 small abominations (D)
  8 crawling corpses (D)
146 creatures vanquished.

Vanquished Creatures (others)
  A balrug (D)
  A green death (D)
  A large abomination (D)
  2 crawling corpses (D)
5 creatures vanquished.

Grand Total: 151 creatures vanquished

Notes
Turn   | Place    | Note
--------------------------------------------------------------
     0 | D        | Misa, the Centaur Monk, began the quest for the Orb.
     0 | D        | Reached XP level 1. HP: 17/17 MP: 0/0
     3 | D        | Noticed a bag of meat
     4 | D        | Became a worshipper of Makhleb the Destroyer
     4 | D        | Acquired Makhleb's first power
     4 | D        | Acquired Makhleb's second power
     5 | D        | Noticed a bag of meat
     6 | D        | Noticed a bag of meat
     6 | D        | Noticed a meat berserker
     7 | D        | Noticed a bag of meat
     8 | D        | Noticed a bag of meat
     9 | D        | Killed a bag of meat
     9 | D        | Reached skill level 13 in Fighting
     9 | D        | Reached skill level 10 in Dodging
     9 | D        | Reached XP level 2. HP: 19/27 MP: 1/1
     9 | D        | Reached XP level 3. HP: 24/35 MP: 2/2
     9 | D        | Reached XP level 4. HP: 28/42 MP: 2/2
     9 | D        | Reached XP level 5. HP: 33/50 MP: 3/3
     9 | D        | Reached XP level 6. HP: 38/59 MP: 4/4
     9 | D        | Reached XP level 7. HP: 43/67 MP: 4/4
     9 | D        | Reached XP level 8. HP: 47/74 MP: 5/5
     9 | D        | Reached XP level 9. HP: 52/82 MP: 6/6
     9 | D        | Reached XP level 10. HP: 57/91 MP: 6/6
     9 | D        | Reached XP level 11. HP: 60/97 MP: 7/7
     9 | D        | Killed a bag of meat
     9 | D        | Reached skill level 15 in Fighting
     9 | D        | Reached skill level 15 in Axes
     9 | D        | Reached XP level 12. HP: 65/110 MP: 8/8
     9 | D        | Killed a bag of meat
     9 | D        | Reached skill level 16 in Fighting
     9 | D        | Reached skill level 5 in Stealth
     9 | D        | Reached XP level 13. HP: 116/119 MP: 8/8
    10 | D        | Killed a meat berserker
    10 | D        | Acquired Makhleb's third power
    10 | D        | Reached skill level 17 in Fighting
    11 | D        | Noticed a bag of meat
    11 | D        | Noticed a bag of meat
    12 | D        | Noticed a bag of meat
    13 | D        | Noticed a bag of meat
    13 | D        | Noticed a bag of meat
    13 | D        | Noticed a meat berserker
    13 | D        | Killed a bag of meat
    13 | D        | Reached skill level 18 in Fighting
    13 | D        | Reached skill level 15 in Armour
    13 | D        | Reached XP level 14. HP: 130/132 MP: 9/9
    14 | D        | Noticed a meat berserker
    14 | D        | Killed a bag of meat
    14 | D        | Reached skill level 19 in Fighting
    14 | D        | Reached skill level 15 in Dodging
    14 | D        | Killed a bag of meat
    14 | D        | Acquired Makhleb's fourth power
    14 | D        | Reached skill level 20 in Fighting
    14 | D        | Reached XP level 15. HP: 141/143 MP: 10/10
    15 | D        | Killed a bag of meat
    16 | D        | Noticed a bag of meat
    16 | D        | Noticed a bag of meat
    16 | D        | Killed a bag of meat
    16 | D        | Reached skill level 21 in Fighting
    17 | D        | Noticed a bag of meat
    17 | D        | Noticed a bag of meat
    17 | D        | Killed a bag of meat
    17 | D        | Acquired Makhleb's fifth power
    17 | D        | Reached skill level 22 in Fighting
    17 | D        | Killed a meat berserker
    17 | D        | Reached XP level 16. HP: 156/158 MP: 10/10
    18 | D        | Killed a meat berserker
    18 | D        | Reached skill level 23 in Fighting
    19 | D        | Noticed a meat berserker
    19 | D        | Killed a bag of meat
    20 | D        | Noticed a bag of meat
    20 | D        | Killed a bag of meat
    20 | D        | Reached skill level 24 in Fighting
    21 | D        | Noticed a meat berserker
    21 | D        | Killed a bag of meat
    21 | D        | Reached XP level 17. HP: 169/171 MP: 11/11
    22 | D        | Noticed a meat berserker
    22 | D        | Noticed a bag of meat
    22 | D        | Noticed a bag of meat
    22 | D        | Noticed a destroyer
    22 | D        | Noticed a bag of meat
    23 | D        | Killed a bag of meat
    23 | D        | Reached skill level 25 in Fighting
    23 | D        | Killed a bag of meat
    23 | D        | Killed a meat berserker
    23 | D        | Reached skill level 26 in Fighting
    24 | D        | Noticed a meat berserker
    25 | D        | Noticed a bag of meat
    26 | D        | Noticed a bag of meat
    26 | D        | Noticed a bag of meat
    26 | D        | Killed a bag of meat
    26 | D        | Reached skill level 10 in Invocations
    30 | D        | Killed a meat berserker
    30 | D        | Reached XP level 18. HP: 170/187 MP: 11/32
    31 | D        | Noticed a bag of meat
    31 | D        | Killed a bag of meat
    31 | D        | Reached skill level 27 in Fighting
    32 | D        | Noticed a bag of meat
    32 | D        | Killed a bag of meat
    33 | D        | Killed a meat berserker
    35 | D        | Noticed a sculptor of flesh
    35 | D        | Noticed a bag of meat
    35 | D        | Killed a bag of meat
    35 | D        | Killed a meat berserker
    35 | D        | Killed a bag of meat
    35 | D        | Reached skill level 27 in Invocations
    35 | D        | Reached XP level 19. HP: 196/196 MP: 12/39
    36 | D        | Noticed a destroyer
    36 | D        | Killed a bag of meat
    37 | D        | Noticed a destroyer
    37 | D        | Noticed a sculptor of flesh
    38 | D        | Noticed a bag of meat
    38 | D        | Killed a bag of meat
    38 | D        | Killed a bag of meat
    38 | D        | Reached skill level 27 in Dodging
    38 | D        | Reached skill level 5 in Spellcasting
    39 | D        | Noticed a meat berserker
    39 | D        | Killed a bag of meat
    40 | D        | Noticed a meat berserker
    40 | D        | Killed a destroyer
    40 | D        | Reached skill level 27 in Axes
    40 | D        | Reached skill level 10 in Spellcasting
    41 | D        | Noticed a large bag of meat
    42 | D        | Noticed a bag of meat
    42 | D        | Killed a sculptor of flesh
    42 | D        | Reached XP level 20. HP: 206/206 MP: 14/40
    43 | D        | Noticed a bag of meat
    43 | D        | Noticed The Servant
    43 | D        | Noticed a sculptor of flesh
    43 | D        | Noticed a destroyer
    44 | D        | Killed a meat berserker
    45 | D        | Noticed a bag of meat
    45 | D        | Noticed a meat berserker
    45 | D        | Killed a destroyer
    45 | D        | Reached skill level 15 in Spellcasting
    45 | D        | Killed a sculptor of flesh
    45 | D        | Killed a bag of meat
    46 | D        | Noticed a bag of meat
    46 | D        | Noticed a bag of meat
    47 | D        | Noticed a destroyer
    47 | D        | Noticed a bag of meat
    47 | D        | Killed The Servant
    47 | D        | Reached skill level 27 in Armour
    47 | D        | Killed a meat berserker
    48 | D        | Noticed a bag of meat
    48 | D        | Noticed a bag of meat
    48 | D        | Noticed a meat berserker
    48 | D        | Killed a bag of meat
    48 | D        | Reached XP level 21. HP: 215/215 MP: 15/43
    48 | D        | Killed a large bag of meat
    48 | D        | Killed a destroyer
    49 | D        | Noticed a meat berserker
    49 | D        | Noticed a bag of meat
    49 | D        | Noticed a meat berserker
    50 | D        | Noticed a bag of meat
    50 | D        | Noticed a destroyer
    51 | D        | Noticed a meat berserker
    51 | D        | Killed a bag of meat
    51 | D        | Killed a destroyer
    51 | D        | Reached skill level 27 in Spellcasting
    51 | D        | Killed a meat berserker
    51 | D        | Reached skill level 10 in Stealth
    52 | D        | Noticed a bag of meat
    52 | D        | Noticed a sculptor of flesh
    52 | D        | Noticed a sculptor of flesh
    52 | D        | Killed a meat berserker
    52 | D        | Reached skill level 15 in Throwing
    52 | D        | Killed a bag of meat
    53 | D        | Noticed a large bag of meat
    53 | D        | Killed a meat berserker
    53 | D        | Reached XP level 22. HP: 226/226 MP: 16/46
    53 | D        | Killed a sculptor of flesh
    53 | D        | Reached skill level 15 in Stealth
    54 | D        | Noticed a bag of meat
    54 | D        | Noticed a sculptor of flesh
    54 | D        | Killed a bag of meat
    55 | D        | Killed a meat berserker
    56 | D        | Noticed a tyrant
    56 | D        | Noticed a bag of meat
    56 | D        | Noticed a large bag of meat
    56 | D        | Killed a bag of meat
    56 | D        | Killed a bag of meat
    57 | D        | Killed a bag of meat
    57 | D        | Reached skill level 27 in Throwing
    57 | D        | Killed a meat berserker
    58 | D        | Noticed a tyrant
    59 | D        | Noticed a bag of meat
    59 | D        | Noticed a destroyer
    59 | D        | Noticed a tyrant
    59 | D        | Killed a bag of meat
    59 | D        | Killed a bag of meat
    59 | D        | Reached XP level 23. HP: 235/235 MP: 17/47
    59 | D        | Killed a bag of meat
    60 | D        | Noticed a bag of meat
    60 | D        | Killed a bag of meat
    60 | D        | Reached skill level 27 in Unarmed Combat
    60 | D        | Killed a destroyer
    60 | D        | Killed a sculptor of flesh
    61 | D        | Noticed a meat berserker
    61 | D        | Killed a large bag of meat
    61 | D        | Reached skill level 27 in Stealth
    62 | D        | Noticed a meat berserker
    62 | D        | Noticed a bag of meat
    62 | D        | Noticed a bag of meat
    62 | D        | Killed a bag of meat
    62 | D        | Killed a large bag of meat
    63 | D        | Killed a bag of meat
    64 | D        | Noticed a bag of meat
    64 | D        | Noticed a bag of meat
    64 | D        | Killed a destroyer
    65 | D        | Noticed a bag of meat
    65 | D        | Noticed a dread
    65 | D        | Killed a bag of meat
    66 | D        | Noticed a meat beast
    66 | D        | Killed a dread
    66 | D        | Reached XP level 24. HP: 187/246 MP: 19/47
    67 | D        | Noticed an accursed
    67 | D        | Killed a sculptor of flesh
    67 | D        | Killed a meat beast
    68 | D        | Noticed an accursed
    69 | D        | Killed a bag of meat
    69 | D        | Killed a meat berserker
    69 | D        | Killed a tyrant
    70 | D        | Noticed a meat berserker
    70 | D        | Noticed a meat beast
    70 | D        | Killed an accursed
    70 | D        | Killed a sculptor of flesh
    71 | D        | Killed a destroyer
    71 | D        | Killed a meat berserker
    71 | D        | Killed a bag of meat
    71 | D        | Killed a bag of meat
    71 | D        | Reached XP level 25. HP: 223/255 MP: 20/48
    72 | D        | Noticed a dread
    72 | D        | Noticed a meat berserker
    72 | D        | Killed a bag of meat
    73 | D        | Noticed a dread
    75 | D        | Killed a bag of meat
    76 | D        | Noticed a meat beast
    76 | D        | Killed a bag of meat
    76 | D        | Killed a tyrant
    76 | D        | Killed a meat beast
    77 | D        | Killed an accursed
    77 | D        | Killed a meat berserker
    77 | D        | Killed a dread
    78 | D        | Noticed The Captor
    79 | D        | Noticed a meat berserker
    80 | D        | Killed a bag of meat
    80 | D        | Killed a tyrant
    80 | D        | Killed a dread
    81 | D        | Killed a meat beast
    83 | D        | Noticed an accursed
    84 | D        | Killed from afar by an accursed

Action                   |  1- 3 |  4- 6 |  7- 9 | 10-12 | 13-15 | 16-18 | 19-21 | 22-24 | 25-27 || total
-------------------------+-------+-------+-------+-------+-------+-------+-------+-------+-------++-------
Melee: Executioner's axe |     1 |       |       |       |     6 |    11 |    14 |    17 |    10 ||    59
Invok: Greater Servant o |       |       |       |       |       |     1 |     1 |       |       ||     2
       Major Destruction |       |       |       |       |       |       |       |     1 |       ||     1
